SKY
CLEVELAND INDIANS @ MINNESOTA TWINS
09/13/2051
 
TOP OF THE 1ST
Cleveland Indians batting - Pitching for Minnesota Twins : LHP Christopher Albaugh
Pitching: LHP Christopher Albaugh
Batting: RHB Chia-Wei Ni 0-0: Called Strike
0-1: Bunt for hit to 5S - play at first, batter OUT! 5-3
Batting: RHB Antony Olguin 0-0: Fly out, F7 (Flyball, 78M, EV 98.8 MPH)
Batting: LHB Jonathan DeMarino 0-0: Called Strike
0-1: Ball
1-1: Ball
2-1: Ball
3-1: Foul Ball, location: 7LDF
3-2: Strikes out looking
Top of the 1st over - 0 runs, 0 hits, 0 errors, 0 left on base; Cleveland 0 - Minnesota 0
BOTTOM OF THE 1ST
Minnesota Twins batting - Pitching for Cleveland Indians : LHP Nick Garcia
Pitching: LHP Nick Garcia
Batting: RHB Samuel Everhart 0-0: SINGLE (Line Drive, 4MD, EV 96.3 MPH)
Batting: RHB Nick Haftel 0-0: Called Strike
Samuel Everhart steals 2nd base
0-1: Ground out 5-3 (Groundball, 5, EV 105.0 MPH)
Samuel Everhart to third
Batting: LHB Bobby Crooks 0-0: Ball
1-0: Called Strike
1-1: Swinging Strike
1-2: Strikes out swinging
Batting: RHB Raul Cathey 0-0: Called Strike
0-1: Swinging Strike
0-2: Foul Ball, location: 25F
0-2: Ball
1-2: Ball
2-2: Strikes out swinging
Bottom of the 1st over - 0 runs, 1 hit, 0 errors, 1 left on base; Cleveland 0 - Minnesota 0
TOP OF THE 2ND
Cleveland Indians batting - Pitching for Minnesota Twins : LHP Christopher Albaugh
Batting: RHB Franklin Bailey 0-0: Called Strike
0-1: Ball
1-1: Swinging Strike
1-2: Ball
2-2: Reached on error, E1 (Groundball, 25, EV 63.1 MPH)
Batting: LHB Harrison Waite Pickoff Throw to First - Out! 1-3
0-0: Swinging Strike
0-1: Ball
1-1: Called Strike
1-2: Foul Ball, location: 9LSF
1-2: Ball
2-2: SOLO HOME RUN (Flyball, 9LD, EV 95.0 MPH), Distance : 361 ft
Batting: LHB Anibal Gaines 0-0: Called Strike
0-1: Ball
1-1: SINGLE (Line Drive, 7S, EV 103.1 MPH)
Batting: RHB Uriel Roberts 0-0: Ball
1-0: Foul Ball, location: 2F
1-1: Ball
2-1: Ball
3-1: TRIPLE (Line Drive, 78XD, EV 109.4 MPH)
Anibal Gaines scores
Batting: RHB Cory Martínez 0-0: SINGLE (Groundball, 56D, EV 102.5 MPH)
Uriel Roberts scores
Batting: LHB Paquito Peña 0-0: Ball
1-0: Ball
2-0: Ball
3-0: Called Strike
3-1: Foul Ball, location: 7LSF
3-2: Base on Balls
Cory Martínez to second
Batting: RHB Chia-Wei Ni 0-0: Foul Ball, location: 23F
0-1: Foul Ball, location: 2F
0-2: Reached on error, E6 (Groundball, 6, EV 90.6 MPH)
Cory Martínez to third
Paquito Peña to second
Batting: RHB Antony Olguin 0-0: Called Strike
0-1: Ball
1-1: Called Strike
1-2: GRAND SLAM HOME RUN (Flyball, 78XD, EV 110.6 MPH), Distance : 430 ft
Batting: LHB Jonathan DeMarino 0-0: Ball
1-0: Ball
2-0: Called Strike
2-1: Foul Ball, location: 7LMF
2-2: Foul Ball, location: 2F
2-2: Strikes out swinging
Batting: RHB Franklin Bailey 0-0: Ball
1-0: Ball
2-0: Fly out, F7 (Flyball, 78M, EV 90.0 MPH)
Top of the 2nd over - 7 runs, 5 hits, 2 errors, 0 left on base; Cleveland 7 - Minnesota 0
BOTTOM OF THE 2ND
Minnesota Twins batting - Pitching for Cleveland Indians : LHP Nick Garcia
Batting: LHB Archer Charles 0-0: Foul Ball, location: 2F
0-1: Foul Ball, location: 2F
0-2: Ground out 6-3 (Groundball, 4M, EV 100.0 MPH)
Batting: RHB Jordi Ortiz 0-0: Foul Ball, location: 2RF
0-1: Called Strike
0-2: Strikes out looking
Batting: LHB Lon White 0-0: Foul Ball, location: 7LSF
0-1: Foul Ball, location: 23FF
0-2: Ball
1-2: Foul Ball, location: 7LMF
1-2: Ball
2-2: Ball
3-2: Fly out, F8 (Flyball, 8LM, EV 87.5 MPH)
Bottom of the 2nd over - 0 runs, 0 hits, 0 errors, 0 left on base; Cleveland 7 - Minnesota 0
TOP OF THE 3RD
Cleveland Indians batting - Pitching for Minnesota Twins : LHP Christopher Albaugh
Batting: LHB Harrison Waite 0-0: Called Strike
0-1: Ball
1-1: Swinging Strike
1-2: Strikes out swinging
Pitching: RHP Wendell Diarra
Batting: LHB Anibal Gaines 0-0: Called Strike
0-1: Ball
1-1: Swinging Strike
1-2: Foul Ball, location: 2F
1-2: Foul Ball, location: 3FF
1-2: Foul Ball, location: 2F
1-2: Ball
2-2: Strikes out swinging
Batting: RHB Uriel Roberts 0-0: Foul Ball, location: 23FF
0-1: Foul Ball, location: 2F
0-2: Ball
1-2: Ball
2-2: Ball
3-2: Strikes out swinging
Top of the 3rd over - 0 runs, 0 hits, 0 errors, 0 left on base; Cleveland 7 - Minnesota 0
BOTTOM OF THE 3RD
Minnesota Twins batting - Pitching for Cleveland Indians : LHP Nick Garcia
Batting: RHB Victor Rodríguez 0-0: Ball
1-0: Foul Ball, location: 2F
1-1: Ball
2-1: Foul Ball, location: 2F
2-2: Foul Ball, location: 3F
2-2: SINGLE (Flyball, 8LS, EV 95.0 MPH)
Batting: LHB Dave Herbster 0-0: Called Strike
0-1: Ball
1-1: Ball
2-1: Fielders Choice at 2nd, 1-4 (Groundball, 15S, EV 71.3 MPH)
Batting: RHB Samuel Everhart 0-0: Called Strike
0-1: Foul Ball, location: 2F
0-2: Ball
1-2: SINGLE (Line Drive, 8LS, EV 106.9 MPH)
Dave Herbster to second
Batting: RHB Nick Haftel 0-0: DOUBLE (Line Drive, 9LS, EV 96.9 MPH)
Dave Herbster scores
Samuel Everhart to third
Runner from 3rd tries for Home, SAFE, no throw by RF
Batting: LHB Bobby Crooks 0-0: Ball
1-0: Foul Ball, location: 2F
1-1: Foul Ball, location: 5F
1-2: Ball
2-2: Ground out 6-3 (Groundball, 6, EV 105.6 MPH)
Batting: RHB Raul Cathey 0-0: Called Strike
0-1: Ball
1-1: Ball
2-1: Ground out 3-1 (Groundball, 34, EV 83.8 MPH)
Bottom of the 3rd over - 2 runs, 3 hits, 0 errors, 1 left on base; Cleveland 7 - Minnesota 2
TOP OF THE 4TH
Cleveland Indians batting - Pitching for Minnesota Twins : RHP Wendell Diarra
Batting: RHB Cory Martínez 0-0: Called Strike
0-1: Ball
1-1: Foul Ball, location: 9LSF
1-2: Ball
2-2: Fly out, F6 (Popup, 4M, EV 71.9 MPH)
Batting: LHB Paquito Peña 0-0: Ball
1-0: Called Strike
1-1: Swinging Strike
1-2: Strikes out swinging
Batting: RHB Chia-Wei Ni 0-0: Ground out 6-3 (Groundball, 6, EV 97.5 MPH)
Top of the 4th over - 0 runs, 0 hits, 0 errors, 0 left on base; Cleveland 7 - Minnesota 2
BOTTOM OF THE 4TH
Minnesota Twins batting - Pitching for Cleveland Indians : LHP Nick Garcia
Batting: LHB Archer Charles 0-0: Ball
1-0: Swinging Strike
1-1: Ground out 4-3 (Groundball, 4, EV 88.8 MPH)
Now at 2B: Cowboy Beyer
Batting: RHB Jordi Ortiz 0-0: Called Strike
0-1: Called Strike
0-2: Foul Ball, location: 9LMF
0-2: SINGLE (Line Drive, 78S, EV 91.3 MPH)
Batting: LHB Lon White 0-0: Called Strike
0-1: Foul Ball, location: 2F
0-2: Ball
1-2: Ball
2-2: Ball
3-2: Strikes out looking
Batting: RHB Victor Rodríguez 0-0: Ball
1-0: SINGLE (Line Drive, 78S, EV 103.1 MPH)
Jordi Ortiz to second
Batting: LHB Dave Herbster 0-0: Ball
1-0: Swinging Strike
1-1: Foul Ball, location: 2F
1-2: Ball
2-2: Ball
3-2: Foul Ball, location: 5SF
3-2: Strikes out swinging
Bottom of the 4th over - 0 runs, 2 hits, 0 errors, 2 left on base; Cleveland 7 - Minnesota 2
TOP OF THE 5TH
Cleveland Indians batting - Pitching for Minnesota Twins : RHP Wendell Diarra
Batting: RHB Antony Olguin 0-0: Called Strike
0-1: Ball
1-1: Ball
2-1: Ball
3-1: Ground out 6-3 (Groundball, 4MS, EV 81.3 MPH)
Batting: LHB Jonathan DeMarino 0-0: Fly out, F9 (Line Drive, 9S, EV 90.0 MPH)
Batting: RHB Franklin Bailey 0-0: Called Strike
0-1: Foul Ball, location: 2F
0-2: Ball
1-2: Strikes out swinging
Top of the 5th over - 0 runs, 0 hits, 0 errors, 0 left on base; Cleveland 7 - Minnesota 2
BOTTOM OF THE 5TH
Minnesota Twins batting - Pitching for Cleveland Indians : LHP Nick Garcia
Batting: RHB Samuel Everhart 0-0: Foul Ball, location: 3FF
0-1: Fly out, F4 (Popup, 4, EV 59.4 MPH)
Batting: RHB Nick Haftel 0-0: Called Strike
0-1: Ball
1-1: SINGLE (Line Drive, 8LS, EV 91.3 MPH)
Batting: LHB Bobby Crooks 0-0: Ball
1-0: Foul Ball, location: 2LF
1-1: Foul Ball, location: 3SF
1-2: Ball
2-2: Foul Ball, location: 2F
2-2: SINGLE (Groundball, 6, EV 108.1 MPH) (infield hit)
Nick Haftel to second
Batting: RHB Raul Cathey 0-0: Foul Ball, location: 2LF
0-1: Swinging Strike
0-2: Ball
1-2: Ball
2-2: Foul Ball, location: 2F
2-2: Ball
3-2: Base on Balls
Nick Haftel to third
Bobby Crooks to second
Batting: LHB Archer Charles 0-0: Called Strike
0-1: SINGLE (Line Drive, 56, EV 99.4 MPH)
Nick Haftel scores
Bobby Crooks to third
Raul Cathey to second
Pitching: LHP Javy Piña
Batting: RHB Jordi Ortiz 0-0: Ball
1-0: Ball
2-0: Swinging Strike
2-1: Foul Ball, location: 9LDF
2-2: SINGLE (Groundball, 34D, EV 97.5 MPH)
Bobby Crooks scores
Raul Cathey to third
Archer Charles to second
Runner from 3rd tries for Home, SAFE, throw by RF to home
Pinch Hitting: RHB Andy Ruff 0-0: Called Strike
0-1: Swinging Strike
0-2: Ball
1-2: SINGLE (Groundball, 6MD, EV 102.5 MPH)
Archer Charles to third
Jordi Ortiz to second
Batting: RHB Victor Rodríguez 0-0: Swinging Strike
0-1: Fly out, F9 (Flyball, 9LD, EV 99.4 MPH)
Runner from 3rd tags up, SCORES, no throw by RF
Jordi Ortiz to third
Batting: LHB Dave Herbster 0-0: Ball
1-0: Ball
2-0: Foul Ball, location: 5FF
2-1: Ball
3-1: Ground out 4-3 (Groundball, 4, EV 80.6 MPH)
Bottom of the 5th over - 4 runs, 5 hits, 0 errors, 2 left on base; Cleveland 7 - Minnesota 6
TOP OF THE 6TH
Cleveland Indians batting - Pitching for Minnesota Twins : RHP Wendell Diarra
Pitching: LHP Waldo Tanner
Now at 1B: Loren Cortez
Batting: LHB Harrison Waite 0-0: Called Strike
0-1: Ground out U3 (Groundball, 3L, EV 84.4 MPH)
Batting: LHB Anibal Gaines 0-0: Called Strike
0-1: Ball
1-1: DOUBLE (Line Drive, 9LS, EV 106.9 MPH)
Batting: RHB Uriel Roberts 0-0: Ball
1-0: Ball
2-0: Foul Ball, location: 3SF
2-1: Swinging Strike
2-2: Reached via error on a dropped throw from SS, E3 (Groundball, 56, EV 81.9 MPH)
Batting: RHB Cory Martínez 0-0: Ball
1-0: Ball
2-0: Foul Ball, location: 5FF
2-1: DOUBLE (Line Drive, 7LM, EV 105.0 MPH)
Anibal Gaines scores
Uriel Roberts to third
Runner from 3rd tries for Home, SAFE, throw by LF to home
Batting: LHB Paquito Peña 0-0: Swinging Strike
0-1: Foul Ball, location: 7LMF
0-2: Strikes out swinging
Batting: RHB Cowboy Beyer 0-0: Ball
1-0: Fly out, F2 (Popup, 3SF, EV 88.8 MPH)
Top of the 6th over - 2 runs, 2 hits, 1 error, 1 left on base; Cleveland 9 - Minnesota 6
BOTTOM OF THE 6TH
Minnesota Twins batting - Pitching for Cleveland Indians : LHP Javy Piña
Batting: RHB Samuel Everhart 0-0: Foul Ball, location: 2F
0-1: Foul Ball, location: 2F
0-2: Strikes out swinging
Batting: RHB Nick Haftel 0-0: Foul Ball, location: 2F
0-1: Ball
1-1: Ball
2-1: Foul Ball, location: 5FF
2-2: Strikes out swinging
Batting: LHB Bobby Crooks 0-0: Called Strike
0-1: SINGLE (Groundball, 13, EV 70.0 MPH) (infield hit)
Batting: RHB Raul Cathey 0-0: Ball
Bobby Crooks is caught stealing 2nd base 2-4
Bottom of the 6th over - 0 runs, 1 hit, 0 errors, 0 left on base; Cleveland 9 - Minnesota 6
TOP OF THE 7TH
Cleveland Indians batting - Pitching for Minnesota Twins : LHP Waldo Tanner
Pitching: RHP Murray Yallop
Batting: RHB Antony Olguin 0-0: Ball
1-0: Ball
2-0: Ball
3-0: Called Strike
3-1: Called Strike
3-2: Foul Ball, location: 2F
3-2: Fly out, F7 (Flyball, 7D, EV 96.3 MPH)
Batting: LHB Jonathan DeMarino 0-0: Called Strike
0-1: Called Strike
0-2: Foul Ball, location: 2F
0-2: Foul Ball, location: 5DF
0-2: Ball
1-2: Strikes out swinging
Batting: RHB Franklin Bailey 0-0: Foul Ball, location: 5SF
0-1: Called Strike
0-2: DOUBLE (Line Drive, 9LS, EV 95.0 MPH)
Batting: LHB Harrison Waite 0-0: Ball
1-0: Called Strike
1-1: Swinging Strike
1-2: Ball
2-2: SINGLE (Line Drive, 8LS, EV 103.8 MPH)
Franklin Bailey to third
Batting: LHB Anibal Gaines 0-0: Ball
1-0: Called Strike
1-1: Ball
2-1: SINGLE (Line Drive, 56D, EV 95.0 MPH)
Franklin Bailey scores
Harrison Waite to second
Batting: RHB Uriel Roberts 0-0: Called Strike
0-1: Ball
1-1: Ball
2-1: Called Strike
2-2: Strikes out swinging
Top of the 7th over - 1 run, 3 hits, 0 errors, 2 left on base; Cleveland 10 - Minnesota 6
BOTTOM OF THE 7TH
Minnesota Twins batting - Pitching for Cleveland Indians : LHP Javy Piña
Batting: RHB Raul Cathey 0-0: Ground out U3 (Groundball, 13, EV 81.9 MPH)
Batting: LHB Archer Charles 0-0: Called Strike
0-1: Foul Ball, location: 5SF
0-2: Ball
1-2: Strikes out swinging
Batting: RHB Jordi Ortiz 0-0: Ball
1-0: Ball
2-0: Ball
3-0: Base on Balls
Pitching: RHP Easton Wilson
Batting: LHB Loren Cortez 0-0: Called Strike
0-1: Called Strike
0-2: SINGLE (Groundball, 4MD, EV 104.4 MPH)
Jordi Ortiz to second
Batting: RHB Victor Rodríguez 0-0: Ball
1-0: Called Strike
1-1: Ball
2-1: Ball
3-1: Ground out 3-1 (Groundball, 3D, EV 104.4 MPH)
Bottom of the 7th over - 0 runs, 1 hit, 0 errors, 2 left on base; Cleveland 10 - Minnesota 6
TOP OF THE 8TH
Cleveland Indians batting - Pitching for Minnesota Twins : RHP Murray Yallop
Batting: RHB Cory Martínez 0-0: Swinging Strike
0-1: Ground out 6-3 (Groundball, 6M, EV 90.6 MPH)
Batting: LHB Paquito Peña 0-0: Ball
1-0: Called Strike
1-1: Foul Ball, location: 3FF
1-2: Foul Ball, location: 7LDF
1-2: Strikes out swinging
Pitching: RHP Rowan Childers
Batting: RHB Cowboy Beyer 0-0: Swinging Strike
0-1: Called Strike
0-2: Ball
1-2: Ball
2-2: Foul Ball, location: 23F
2-2: Ball
3-2: Ground out 5-3 (Groundball, 56S, EV 68.8 MPH)
Top of the 8th over - 0 runs, 0 hits, 0 errors, 0 left on base; Cleveland 10 - Minnesota 6
BOTTOM OF THE 8TH
Minnesota Twins batting - Pitching for Cleveland Indians : RHP Easton Wilson
Batting: LHB Dave Herbster 0-0: Ball
1-0: Called Strike
1-1: Swinging Strike
1-2: Foul Ball, location: 2F
1-2: Foul Ball, location: 2F
1-2: Ball
2-2: Ball
3-2: Strikes out looking
Batting: RHB Samuel Everhart 0-0: Ground out 4-3 (Groundball, 4, EV 86.3 MPH)
Batting: RHB Nick Haftel 0-0: Called Strike
0-1: Swinging Strike
0-2: Foul Ball, location: 23F
0-2: Ball
1-2: Ball
2-2: Ground out 6-3 (Groundball, 6, EV 80.0 MPH)
Bottom of the 8th over - 0 runs, 0 hits, 0 errors, 0 left on base; Cleveland 10 - Minnesota 6
TOP OF THE 9TH
Cleveland Indians batting - Pitching for Minnesota Twins : RHP Rowan Childers
Batting: RHB Antony Olguin 0-0: Foul Ball, location: 2F
0-1: Foul Ball, location: 5F
0-2: Ball
1-2: SOLO HOME RUN (Flyball, 7D, EV 95.6 MPH), Distance : 368 ft
Batting: LHB Jonathan DeMarino 0-0: Ball
1-0: Foul Ball, location: 2F
1-1: Ball
2-1: Called Strike
2-2: Ball
3-2: Ground out 6-3 (Groundball, 4, EV 78.8 MPH)
Batting: RHB Franklin Bailey 0-0: Ball
1-0: Ball
2-0: Foul Ball, location: 5F
2-1: Swinging Strike
2-2: Strikes out swinging
Batting: LHB Harrison Waite 0-0: SINGLE (Line Drive, 78S, EV 101.3 MPH)
Batting: LHB Anibal Gaines 0-0: Ball
1-0: Ground out 5-3 (Groundball, 56, EV 109.4 MPH)
Top of the 9th over - 1 run, 2 hits, 0 errors, 1 left on base; Cleveland 11 - Minnesota 6
BOTTOM OF THE 9TH
Minnesota Twins batting - Pitching for Cleveland Indians : RHP Easton Wilson
Batting: LHB Bobby Crooks 0-0: Ball
1-0: Called Strike
1-1: Ground out 4-3 (Groundball, 4, EV 98.1 MPH)
Batting: RHB Raul Cathey 0-0: Ball
1-0: Ball
2-0: Called Strike
2-1: Ball
3-1: Base on Balls
Pitching: RHP P.J. Graham
Batting: LHB Archer Charles 0-0: Ball
1-0: Ball
2-0: Ball
3-0: Base on Balls
Raul Cathey to second
Batting: RHB Jordi Ortiz 0-0: Called Strike
0-1: 3-RUN HOME RUN (Flyball, 7D, EV 105.0 MPH), Distance : 386 ft
Pitching: RHP Sebastian Sienkiewicz
Batting: LHB Loren Cortez 0-0: Called Strike
0-1: Foul Ball, location: 9LSF
0-2: Ball
1-2: Strikes out swinging
Pinch Hitting: LHB Stanfield Reaves 0-0: SINGLE (Line Drive, 7S, EV 106.3 MPH)
Batting: LHB Dave Herbster 0-0: Called Strike
0-1: Swinging Strike
0-2: Foul Ball, location: 7LDF
0-2: Ball
1-2: Strikes out swinging
Bottom of the 9th over - 3 runs, 2 hits, 0 errors, 1 left on base; Cleveland 11 - Minnesota 9
Saturday, March 30th , 2024 - OOTP Baseball 24.11 Build 85